AoeStats
← Ignaciorto

Black Forest

505385517Analyzed
1v1 RM · 24d ago on Sep 9, 2026· 42m 1s· 2 players
Game mode
Random Map
Map size
Tiny (2 player)
Population
200
Speed
Normal
Resources
Standard
Victory
Conquest
Starting age
Dark Age
Ending age
Imperial Age
RankedLock teamsTeams togetherTeam positionsShared explorationLock speedFull tech treeHidden civsTurbo modeCheats
Victory
Defeat
🇧🇷 Britons · Brazil
863
+40
🇦🇷 Ethiopians · Argentina
863
-43
Ignaciorto
10:07 Loom
12:11 Feudal Age
17:13 Horse Collar
24:56 Castle Age
25:05 Padded Archer Armor
24:56 Fletching
25:17 Crossbowman
25:25 Light Cavalry
26:40 Heavy Plow
32:17 Husbandry
31:41 Elite Skirmisher
32:27 Thumb Ring
32:25 Squires
32:35 Scale Mail Armor
32:52 Leather Archer Armor
32:33 Bodkin Arrow
32:49 Forging
39:49 Imperial Age
37:56 Wheelbarrow
42:32 Hand Cart
Isentão
11:19 Feudal Age
16:27 Double-Bit Axe
19:39 Fletching
19:50 Padded Archer Armor
23:11 Castle Age
23:17 Gold Mining
27:28 Wheelbarrow
26:38 Town Watch
26:39 Loom
29:18 Hand Cart
30:17 Town Patrol
29:43 Elite Skirmisher
30:29 Stone Mining
30:40 Pikeman
31:20 Squires
31:08 Arson
38:17 Imperial Age
36:45 Horse Collar
38:52 Gold Shaft Mining
38:48 Bodkin Arrow
38:20 Halberdier
39:32 Conscription
41:08 Bow Saw
41:01 Heavy Plow
43:00 Hoardings
41:46 Elite Longbowman
Connection lost

Rejoining the realm…

Still unreachable

The connection could not be restored.

Session expired

The server has moved on; the page needs a fresh start.